 Dungeon Crawl Stone Soup version 0.20-a0-303-g575bbf7 (webtiles) character file.

4785 Havercy the Spear-Bearer (level 10, -2/88 HPs)
             Began as a Naga Gladiator on Dec 16, 2016.
             Was a Follower of Yredelemnul.
             Slain by a troll (4 damage)
             ... on level 9 of the Dungeon.
             The game lasted 00:11:58 (9470 turns).

Havercy the Spear-Bearer (Naga Gladiator)           Turns: 9470, Time: 00:11:58

Health: -2/88      AC: 15    Str: 23    XL:     10   Next: 47%
Magic:  12/12      EV: 17    Int: 10    God:    Yredelemnul [*.....]
Gold:   350        SH:  0    Dex: 17    Spells: 9/9 levels left

rFire  . . .     SeeInvis +     u - +0 halberd
rCold  . . .     Gourm    .     i - +2 ring mail {rN+}
rNeg   + . .     Faith    .     (shield currently unavailable)
rPois  +         Spirit   .     o - +2 helmet
rElec  .         Reflect  .     n - +0 cloak
rCorr  .         Harm     .     (no gloves)
MR     +....     Clarity  +     (no barding)
Stlth  +++.......               L - amulet of regeneration
                                y - +2 ring of protection
                                A - ring "Piagept" {Str+4 Stlth+}

@: agile, very slow
A: claws 1, see invisible, clarity, clumsy 1, deformed body, poison resistance,
slowness 2, slow metabolism 1, spit poison 1, strong 1, wild magic 1, AC +3
a: Spit Poison, Animate Remains, Renounce Religion


You were on level 9 of the Dungeon.
You worshipped Yredelemnul.
Yredelemnul was aware of your devotion.
You were not hungry.

You visited 2 branches of the dungeon, and saw 10 of its levels.

You collected 350 gold pieces.

Inventory:

Hand Weapons
 a - a +0 trident
 u - a +0 halberd (weapon)
Missiles
 d - 3 throwing nets (quivered)
Armour
 i - a +2 ring mail of positive energy (worn)
 n - a +0 cloak (worn)
 o - a +2 helmet (worn)
 F - the +15 Maxwell's patent armour {-Cast -Tele rElec MR+ rCorr}
   (You found it on level 6 of the Dungeon)

   It insulates you from electricity.
   It affects your resistance to hostile enchantments.
   It prevents spellcasting.
   It prevents most forms of teleportation.
   It protects you from acid and corrosion.
Jewellery
 v - an uncursed ring of positive energy
 y - a +2 ring of protection (right claw)
 A - the ring "Piagept" (left claw) {Str+4 Stlth+}
   (You found it on level 6 of the Dungeon)

   [ring of stealth]

   It affects your strength (+4).
   It makes you more stealthy.
 L - an amulet of regeneration (around neck)
Wands
 e - a wand of flame (21/48)
 C - a wand of iceblast (11/15)
 K - a wand of paralysis (3/24)
Scrolls
 b - 4 scrolls of enchant armour
 k - a scroll of fog
 m - 2 scrolls of fear {unknown}
 p - 6 scrolls of remove curse {unknown}
 r - a scroll of acquirement {unknown}
 t - a scroll of immolation {unknown}
 w - 2 scrolls of magic mapping {unknown}
 x - a scroll of blinking {unknown}
 B - 3 scrolls of teleportation {unknown}
 E - a scroll of amnesia {unknown}
Potions
 c - 4 potions of flight
 l - a potion of resistance
 z - a potion of curing
Comestibles
 f - 3 bread rations
 g - 2 meat rations
 h - 24 fruits
 j - 2 slices of pizza
 q - a beef jerky


   Skills:
 + Level 5.5 Fighting
 * Level 11.7 Polearms
 - Level 1.7 Throwing
 + Level 4.2 Armour
 + Level 4.9 Dodging
 * Level 3.5 Invocations
 - Level 0.2 Evocations


You had 9 spell levels left.
You didn't know any spells.

Dungeon Overview and Level Annotations

Branches:
Dungeon (9/15)             Temple (1/1) D:6            Lair (0/6) D:8
    Orc: D:9-12

Altars:
Ashenzari
Cheibriados
Elyvilon
Fedhas
Gozag
Kikubaaqudgha
Makhleb
Nemelex Xobeh
Qazlal
Ru
Sif Muna
Trog
Uskayaw
Vehumet
Xom
Yredelemnul
Zin
The Shining One


Innate Abilities, Weirdness & Mutations

You cannot wear boots.
Your serpentine skin is tough. (AC +3)
You have supernaturally acute eyesight. (SInv)
Armour fits poorly on your strangely shaped body.
Your system is resistant to poisons. (rPois)
You cover ground very slowly.
You have a slow metabolism.
You can spit poison.
You have sharp fingernails.
You possess an exceptional clarity of mind.
You are clumsy. (Dex -2)
Your muscles are strong. (Str +2)
Your spells are a little harder to cast, but a little more powerful.


Message History

* * * LOW HITPOINT WARNING * * *
Unknown command.
You puncture the troll!
The troll is heavily wounded.
The troll bites you.
* * * LOW HITPOINT WARNING * * *
The troll misses you. The troll completely misses you.
You barely miss the troll.
The troll is heavily wounded.
The troll bites you but does no damage. The troll claws you.
* * * LOW HITPOINT WARNING * * *
The troll closely misses you.
Unknown command.
You impale the troll!!
The troll is almost dead.
The troll barely misses you. The troll claws you.
* * * LOW HITPOINT WARNING * * *
The troll claws you.
You die...
Your body rises from the dead as a mindless zombie.

.........## ###..##..#
#.###.## ###.###.#
######+##### #.>.....#
#..........# #....<..#
#.......$..# #.......#
#...|......+ ........#
+..........#
#.........#....T@..(.#
#.......###..........#
####.[..# #..........#
####....# #..........#
'..##.### #########'##
#..# #####.# ####
##.....# .#.###
#>.##### .....# #.##


You could see a troll.

Vanquished Creatures
  Pikel (D:8)
  A troll (D:9)
  Prince Ribbit (D:7)
  Eustachio (D:4)
  A water moccasin (D:7)
  4 ogres
  4 phantoms
  5 ice beasts
  A necrophage (D:8)
  2 sky beasts
  2 centaurs
  A big kobold (D:9)
  A wyvern zombie (D:8)
  3 bullfrogs
  3 scorpions
  10 killer bees (D:8)
  A bullfrog zombie (D:7)
  5 crimson imps
  3 orc priests
  4 hounds
  2 centaur skeletons
  2 iguanas
  8 worker ants
  Natasha (twice) (D:4)
  4 orc wizards
  Terence (D:2)
  A killer bee zombie (D:7)
  A hound zombie (D:8)
  A hound skeleton (D:7)
  A worker ant zombie (D:9)
  4 gnolls (D:4)
  9 adders
  An ooze (D:2)
  An adder skeleton (D:4)
  A worm (D:2)
  5 leopard geckos
  14 orcs
  10 bats
  10 giant cockroaches
  8 goblins
  5 hobgoblins
  7 jackals (D:5)
  8 kobolds
  3 quokkas
  2 ball pythons
  3 frilled lizards
  A jackal skeleton (D:4)
  A jackal zombie (D:5)
  A leopard gecko skeleton (D:4)
  A quokka skeleton (D:4)
  8 rats
180 creatures vanquished.

Vanquished Creatures (others)
  A slave (D:8)
  A crocodile (D:8)
  A hound (D:8)
3 creatures vanquished.

Grand Total: 183 creatures vanquished

Notes
Turn   | Place    | Note
-------+----------+-------------------------------------------
     0 | D:1      | Havercy the Naga Gladiator began the quest for the Orb.
     0 | D:1      | Reached XP level 1. HP: 19/19 MP: 1/1
    80 | D:1      | Reached XP level 2. HP: 3/26 MP: 2/2
   869 | D:2      | Reached XP level 3. HP: 29/32 MP: 3/3
  1017 | D:2      | Found a sparkling altar of Nemelex Xobeh.
  1019 | D:2      | Noticed Terence
  1046 | D:2      | Killed Terence
  1055 | D:2      | Reached XP level 4. HP: 35/40 MP: 4/4
  1089 | D:2      | Found a burning altar of Makhleb.
  1089 | D:2      | Found a shattered altar of Ashenzari.
  1090 | D:2      | Found a snail-covered altar of Cheibriados.
  1090 | D:2      | Found a hide-covered altar of Uskayaw.
  1129 | D:2      | Reached skill level 4 in Polearms
  1156 | D:2      | Found a glowing golden altar of the Shining One.
  1231 | D:2      | Reached skill level 1 in Armour
  1742 | D:3      | Gained mutation: You have sharp fingernails. [potion of mutation]
  1742 | D:3      | Gained mutation: Your mind is acute. (Int +2) [potion of mutation]
  1745 | D:3      | Reached XP level 5. HP: 38/46 MP: 5/5
  2369 | D:3      | Reached skill level 5 in Polearms
  2594 | D:4      | Reached XP level 6. HP: 37/55 MP: 6/6
  3003 | D:4      | Noticed Natasha
  3012 | D:4      | Killed Natasha
  3125 | D:4      | Noticed Eustachio
  3125 | D:4      | Reached skill level 6 in Polearms
  3248 | D:4      | Killed Eustachio
  3248 | D:4      | Reached XP level 7. HP: 49/62 MP: 7/7
  3401 | D:4      | Found a sacrificial altar of Ru.
  3426 | D:4      | Noticed Natasha
  3438 | D:4      | Killed Natasha
  3650 | D:4      | Reached skill level 7 in Polearms
  3894 | D:5      | Entered Level 5 of the Dungeon
  3911 | D:5      | Reached XP level 8. HP: 68/70 MP: 8/8
  3944 | D:5      | Gained mutation: You possess an exceptional clarity of mind. [potion of mutation]
  3944 | D:5      | Gained mutation: You are resistant to hostile enchantments. (MR+) [potion of mutation]
  3944 | D:5      | Lost mutation: You are resistant to hostile enchantments. (MR+) [potion of mutation]
  3958 | D:5      | Gained mutation: You are clumsy. (Dex -2) [mutagenic meat]
  3960 | D:5      | Lost mutation: Your mind is acute. (Int +2) [mutagenic meat]
  4140 | D:5      | Reached skill level 8 in Polearms
  4565 | D:5      | Got an iridescent long sword
  4566 | D:5      | Identified the +1 long sword "Dilusseg" {freeze, rN+} (You found it on level 5 of the Dungeon)
  4770 | D:5      | Found a stormy altar of Qazlal.
  5096 | D:6      | Found a staircase to the Ecumenical Temple.
  5134 | Temple   | Entered the Ecumenical Temple
  5145 | Temple   | Became a worshipper of Yredelemnul the Dark
  5232 | D:6      | Got a flickering lead ring
  5461 | D:6      | Reached skill level 9 in Polearms
  6092 | D:7      | Reached XP level 9. HP: 39/78 MP: 9/9
  6542 | D:7      | Found a glowing golden altar of the Shining One.
  6619 | D:7      | Identified the ring "Piagept" {Str+4 Stlth+} (You found it on level 6 of the Dungeon)
  7212 | D:7      | Noticed Prince Ribbit
  7224 | D:7      | Killed Prince Ribbit
  7224 | D:7      | Reached skill level 10 in Polearms
  7224 | D:7      | Reached skill level 1 in Invocations
  8088 | D:8      | Reached skill level 5 in Fighting
  8364 | D:8      | Reached XP level 10. HP: 86/88 MP: 11/11
  8426 | D:8      | Reached skill level 11 in Polearms
  8599 | D:8      | Noticed Pikel
  8621 | D:8      | Killed Pikel
  8752 | D:8      | Reached * piety under Yredelemnul
  8764 | D:8      | Found a staircase to the Lair.
  8935 | D:9      | Gained mutation: Your spells are a little harder to cast, but a little more powerful. [potion of beneficial mutation]
  8936 | D:9      | Gained mutation: Your muscles are strong. (Str +2) [potion of beneficial mutation]
  9470 | D:9      | HP: 2/88 [troll (6)]
  9470 | D:9      | Slain by a troll

Vault maps used:
D:1:      tarquinn_simple_flora_water_f
D:2:      grunt_temple_overflow_open, lemuel_crystal_altar, uniq_terence
D:4:      nicolae_ru_sacrificial_ziggurat, first_bread, minivault_11,
          uniq_eustachio, uniq_natasha
D:5:      lemuel_coloured_pillars_altar
D:7:      nicolae_tso_carved_into_rock, uniq_prince_ribbit1
D:8:      lair_entry_dummy, uniq_pikel
D:9:      blue_anna_alchemist, minivault_4, minivault_26, uniq_joseph,
          uniq_erica, uniq_psyche
Temple:   cyrus_circular_temple

Skill      XL: |  1  2  3  4  5  6  7  8  9 10 |
---------------+-------------------------------+-----
Polearms       | 4 5 6 7 9 10 11 | 11.7
Armour         | 1 2 3 4 |  4.2
Dodging        | 3 4 |  4.9
Fighting       | 3 4 5 |  5.5
Invocations    | 2 3 |  3.5
Throwing       | |  1.7
Evocations     | |  0.2

Action                   |  1- 3 |  4- 6 |  7- 9 | 10-12 || total
-------------------------+-------+-------+-------+-------++-------
Melee: Trident           |   100 |   242 |    71 |       ||   413
       Halberd           |       |       |   457 |   144 ||   601
Throw: Throwing net      |       |     2 |       |       ||     2
 Abil: Spit Poison       |     5 |     7 |     3 |     2 ||    17
Evoke: Wand              |       |     3 |       |       ||     3
  Use: Potion            |     2 |     3 |     5 |     7 ||    17
       Scroll            |       |       |     9 |     1 ||    10
 Stab: Sleeping          |       |       |       |     2 ||     2
  Eat: Chunk             |       |     6 |     7 |       ||    13
       Meat ration       |       |       |     3 |       ||     3
Armor: Leather armour    |    12 |       |       |       ||    12
       Ring mail         |    18 |   127 |   268 |    65 ||   478
       Skin              |       |       |    68 |       ||    68
Dodge: Dodged            |    47 |   158 |   280 |    84 ||   569
